2942 views
Uploaded 2021-09-06 02:49:43
Game version 1.32.10
4:04 long 4on4 ladder game on (8)NerubianPassage
Saved by Teelo
2942 views
Uploaded 2021-09-06 02:49:43
Game version 1.32.10
4:04 long 4on4 ladder game on (8)NerubianPassage


/ 0.3k
33 buildings @ 4.4k
/ 1.2k
| Peasant | 6 | 450 | / | 0 |
| Rifleman | 4 | 820 | / | 120 |
| total: | 10 | 1270g | / | 120w |
| Blacksmith | 1 | 140 | / | 60 |
| Barracks | 1 | 160 | / | 60 |
| Farm | 5 | 400 | / | 100 |
| Altar of Kings | 1 | 180 | / | 50 |
| Arcane Vault | 1 | 130 | / | 30 |
| Lumber Mill | 1 | 120 | / | 0 |
| total: | 10 | 1130g | / | 300w |
| 0:03 | Peasant |
| 0:04 | Peasant |
| 0:08 | Blacksmith |
| 0:10 | Barracks |
| 0:26 | Peasant |
| 0:26 | Peasant |
| 0:43 | Peasant |
| 0:44 | Peasant |
| 0:51 | Farm |
| 1:27 | Farm |
| 1:51 | Altar of Kings |
| 2:03 | Arcane Vault |
| 2:10 | Farm |
| 2:55 | Farm |
| 2:58 | Rifleman |
| 2:59 | Rifleman |
| 3:18 | Lumber Mill |
| 3:25 | Rifleman |
| 3:33 | Farm |
| 4:04 | Rifleman |
| Right click | 30 |
| Select | 30 |
| Build/train/purchase | 11 |
| Peasant | 11 | 825 | / | 0 |
| Footman | 2 | 270 | / | 0 |
| total: | 13 | 1095g | / | 0w |
| Scout Tower | 2 | 60 | / | 40 |
| Arcane Tower | 1 | 70 | / | 50 |
| Guard Tower | 1 | 70 | / | 50 |
| Farm | 4 | 320 | / | 80 |
| Altar of Kings | 1 | 180 | / | 50 |
| Barracks | 1 | 160 | / | 60 |
| Lumber Mill | 1 | 120 | / | 0 |
| Arcane Vault | 1 | 130 | / | 30 |
| Blacksmith | 1 | 140 | / | 60 |
| total: | 11 | 1110g | / | 320w |
| 0:05 | Peasant |
| 0:06 | Peasant |
| 0:06 | Peasant |
| 0:06 | Peasant |
| 0:07 | Peasant |
| 0:07 | Peasant |
| 0:24 | Farm |
| 0:39 | Altar of Kings |
| 0:55 | Barracks |
| 1:00 | Peasant |
| 1:06 | Farm |
| 1:11 | Peasant |
| 1:44 | Lumber Mill |
| 1:54 | Arcane Vault |
| 2:01 | Peasant |
| 2:03 | Peasant |
| 2:07 | Scout Tower |
| 2:14 | Peasant |
| 2:23 | Farm |
| 2:32 | Footman |
| 2:46 | Scout Tower |
| 2:53 | Arcane Tower |
| 3:12 | Footman |
| 3:27 | Farm |
| 3:29 | Guard Tower |
| 3:38 | Blacksmith |
| Select | 45 |
| Build/train/purchase | 16 |
| Right click | 13 |
| Misc. action | 1 |
| Item give/drop | 1 |

| Wisp | 14 | 840 | / | 0 |
| Archer | 4 | 520 | / | 40 |
| total: | 18 | 1360g | / | 40w |
| Ancient Protector | 1 | 135 | / | 80 |
| Moon Well | 2 | 360 | / | 80 |
| Altar of Elders | 1 | 180 | / | 50 |
| Ancient of War | 1 | 150 | / | 60 |
| Hunter's Hall | 1 | 210 | / | 100 |
| Tree of Ages | 1 | 320 | / | 180 |
| total: | 6 | 1035g | / | 370w |
| 0:03 | Wisp |
| 0:03 | Wisp |
| 0:03 | Wisp |
| 0:19 | Moon Well |
| 0:23 | Wisp |
| 0:30 | Wisp |
| 0:34 | Altar of Elders |
| 0:37 | Wisp |
| 0:48 | Ancient of War |
| 0:50 | Wisp |
| 1:01 | Wisp |
| 1:04 | Wisp |
| 1:05 | Wisp |
| 1:37 | Moon Well |
| 1:49 | Archer |
| 1:49 | Archer |
| 1:55 | Wisp |
| 2:17 | Hunter's Hall |
| 2:30 | Archer |
| 2:36 | Force of Nature |
| 2:42 | Wisp |
| 2:46 | Archer |
| 2:55 | Wisp |
| 3:03 | Wisp |
| 3:28 | Tree of Ages |
| 3:52 | Ancient Protector |
| Select | 68 |
| Right click | 45 |
| Build/train/purchase | 23 |
| Use ability | 3 |
| Remove unit | 1 |

| Acolyte | 3 | 225 | / | 0 |
| Ghoul | 6 | 720 | / | 0 |
| Crypt Fiend | 4 | 860 | / | 160 |
| total: | 13 | 1805g | / | 160w |
| Crypt | 2 | 400 | / | 100 |
| Ziggurat | 2 | 300 | / | 100 |
| Altar of Darkness | 1 | 180 | / | 50 |
| Graveyard | 1 | 215 | / | 0 |
| Halls of the Dead | 1 | 320 | / | 210 |
| total: | 6 | 1095g | / | 250w |
| 0:04 | Acolyte |
| 0:05 | Acolyte |
| 0:08 | Crypt |
| 0:16 | Ziggurat |
| 0:41 | Altar of Darkness |
| 0:45 | Acolyte |
| 1:08 | Graveyard |
| 1:15 | Ghoul |
| 1:27 | Ghoul |
| 1:40 | Ghoul |
| 1:48 | Ziggurat |
| 1:54 | Ghoul |
| 2:17 | Crypt |
| 2:29 | Ghoul |
| 3:11 | Halls of the Dead |
| 3:14 | Ghoul |
| 3:15 | Summon Lava Spawn |
| 3:51 | Crypt Fiend |
| 3:51 | Crypt Fiend |
| 3:54 | Crypt Fiend |
| 3:54 | Crypt Fiend |
| Right click | 31 |
| Select | 30 |
| Build/train/purchase | 18 |
| Select group | 12 |
| Misc. action | 6 |
| Assign group | 3 |
| Remove unit | 1 |
56 units @ 5.9k
/ 0.4k
29 buildings @ 4.6k
/ 1.3k

| Wisp | 13 | 780 | / | 0 |
| Archer | 6 | 780 | / | 60 |
| total: | 19 | 1560g | / | 60w |
| Moon Well | 3 | 540 | / | 120 |
| Altar of Elders | 1 | 180 | / | 50 |
| Ancient of War | 1 | 150 | / | 60 |
| Tree of Ages | 3 | 960 | / | 540 |
| total: | 5 | 870g | / | 230w |
| 0:01 | Wisp |
| 0:01 | Wisp |
| 0:17 | Moon Well |
| 0:24 | Wisp |
| 0:25 | Wisp |
| 0:25 | Wisp |
| 0:31 | Altar of Elders |
| 0:46 | Ancient of War |
| 0:51 | Wisp |
| 0:58 | Wisp |
| 1:09 | Moon Well |
| 1:10 | Wisp |
| 1:10 | Wisp |
| 1:21 | Wisp |
| 1:28 | Wisp |
| 1:37 | Wisp |
| 1:47 | Archer |
| 1:57 | Archer |
| 2:00 | Wisp |
| 2:29 | Force of Nature |
| 2:35 | Tree of Ages |
| 2:45 | Archer |
| 2:45 | Archer |
| 3:08 | Archer |
| 3:24 | Moon Well |
| 3:52 | Entangling Roots |
| 4:02 | Archer |
| Right click | 106 |
| Select | 102 |
| Build/train/purchase | 25 |
| Misc. action | 17 |
| Use ability | 2 |
| Remove unit | 2 |

| Peasant | 6 | 450 | / | 0 |
| Rifleman | 2 | 410 | / | 60 |
| Ice Troll Berserker | 2 | 490 | / | 60 |
| total: | 10 | 1350g | / | 120w |
| Altar of Kings | 2 | 360 | / | 100 |
| Farm | 3 | 240 | / | 60 |
| Barracks | 1 | 160 | / | 60 |
| Blacksmith | 1 | 140 | / | 60 |
| Arcane Vault | 1 | 130 | / | 30 |
| Keep | 1 | 320 | / | 210 |
| total: | 8 | 1030g | / | 310w |
| 0:08 | Peasant |
| 0:08 | Peasant |
| 0:16 | Altar of Kings |
| 0:17 | Altar of Kings |
| 0:25 | Farm |
| 0:31 | Barracks |
| 0:33 | Peasant |
| 0:49 | Peasant |
| 0:58 | Peasant |
| 1:19 | Farm |
| 1:22 | Peasant |
| 1:39 | Blacksmith |
| 2:22 | Summon Water Elemental |
| 2:58 | Rifleman |
| 3:00 | Rifleman |
| 3:06 | Farm |
| 3:11 | Arcane Vault |
| 3:48 | Keep |
| 3:52 | Ice Troll Berserker |
| 3:53 | Ice Troll Berserker |
| Right click | 133 |
| Select group | 88 |
| Assign group | 46 |
| Select | 44 |
| Build/train/purchase | 14 |
| Chat | 12 |
| Misc. action | 7 |
| Esc | 1 |

| Rod of Necromancy | 1 | 150 |
| total: | 1 | 150g |
| Acolyte | 4 | 300 | / | 0 |
| Ghoul | 3 | 360 | / | 0 |
| Crypt Fiend | 4 | 860 | / | 160 |
| total: | 11 | 1520g | / | 160w |
| Graveyard | 1 | 215 | / | 0 |
| Crypt | 1 | 200 | / | 50 |
| Altar of Darkness | 2 | 360 | / | 100 |
| Ziggurat | 3 | 450 | / | 150 |
| Tomb of Relics | 1 | 130 | / | 30 |
| total: | 8 | 1355g | / | 330w |
| 0:02 | Acolyte |
| 0:02 | Acolyte |
| 0:11 | Graveyard |
| 0:14 | Crypt |
| 0:22 | Acolyte |
| 0:51 | Altar of Darkness |
| 0:53 | Altar of Darkness |
| 1:01 | Ziggurat |
| 1:18 | Ghoul |
| 1:32 | Tomb of Relics |
| 1:54 | Crypt Fiend |
| 1:54 | Crypt Fiend |
| 2:11 | Ziggurat |
| 2:28 | Crypt Fiend |
| 2:57 | Rod of Necromancy |
| 3:05 | Carrion Beetles |
| 3:05 | Carrion Beetles |
| 3:12 | Crypt Fiend |
| 3:14 | Acolyte |
| 3:28 | Ziggurat |
| 4:00 | Ghoul |
| 4:00 | Ghoul |
| Select group | 95 |
| Right click | 93 |
| Select | 52 |
| Build/train/purchase | 32 |
| Assign group | 22 |
| Misc. action | 9 |
| Esc | 1 |

| Wisp | 9 | 540 | / | 0 |
| Archer | 7 | 910 | / | 70 |
| total: | 16 | 1450g | / | 70w |
| Altar of Elders | 1 | 180 | / | 50 |
| Moon Well | 4 | 720 | / | 160 |
| Ancient of War | 3 | 450 | / | 180 |
| total: | 8 | 1350g | / | 390w |
| 0:02 | Wisp |
| 0:02 | Wisp |
| 0:02 | Wisp |
| 0:20 | Altar of Elders |
| 0:23 | Wisp |
| 0:31 | Moon Well |
| 0:46 | Ancient of War |
| 0:48 | Wisp |
| 0:48 | Wisp |
| 1:17 | Wisp |
| 1:35 | Moon Well |
| 1:39 | Wisp |
| 1:39 | Wisp |
| 1:49 | Archer |
| 1:59 | Ancient of War |
| 2:15 | Moon Well |
| 2:23 | Trueshot Aura |
| 2:44 | Archer |
| 2:52 | Ancient of War |
| 2:56 | Moon Well |
| 3:03 | Archer |
| 3:27 | Archer |
| 3:28 | Archer |
| 3:43 | Archer |
| 3:55 | Archer |
| Chat | 74 |
| Select group | 51 |
| Select | 43 |
| Build/train/purchase | 18 |
| Right click | 17 |
| Assign group | 6 |
| Misc. action | 2 |
| Use ability | 1 |
⇛